 Dungeon Crawl Stone Soup version 0.30.0-5-g1a98f26d00 (webtiles) character file.

Game seed: 2379329640128528108

819719 wingedge the Pyromancer (level 27, -14/243 HPs)
             Began as a Demigod Wanderer on May 6, 2023.
             Killed by dispel undead
             ... invoked by a Tzitzimitl
             ... summoned by Ereshkigal
              (69 damage)
             ... while paralysed by Ereshkigal
             ... on level 7 of Tartarus on May 8, 2023.
             The game lasted 07:20:15 (93016 turns).

wingedge the Pyromancer (Demigod Wanderer)         Turns: 93016, Time: 07:20:15

Health: -14/243    AC: 29    Str: 17    XL:     27
Magic:  52/61      EV:  2    Int: 57    God:
Gold:   3236       SH:  0    Dex: 17    Spells: 0/64 levels left

rFire   + + +        a - +3 Elemental Staff {rElec rF+ rC+ AC+3}
rCold   + + +        R - +2 shield of Resistance {rF++ rC++ Will++}
rNeg    + + +        v - +2 robe {Archmagi}
rPois   ∞            D - +3 crown of Dyrovepreva {rElec Int+2 SInv}
rElec   +            c - scarf of Daugorr {harm, rPois rCorr}
rCorr   +            i - +2 pair of gloves {Dex+3}
SInv    +            S - +3 pair of mountain boots {steadfast, rC+}
Will    ++...        N - amulet of magic regeneration
Stlth   +++          Q - ring of Bioraguu {MP+9 AC+4 Int+4}
HPRegen 0.60/turn    s - ring of Pride {Wiz Str+3 Dex+3}
MPRegen 0.77/turn

%: harm (+30% outgoing, +20% incoming), wizardry (x1), archmagi
@: paralysed, lich-form, slowed, studying Unarmed Combat, silenced, weak-willed
A: draining attack, torment immunity, no potions, high MP 1, forlorn, divine
attributes, antennae 1, thin skeletal structure 1, (berserk 1), clumsy 1, no
potion heal 1, MP-powered wands
}: 6/15 runes: barnacled, slimy, silver, icy, abyssal, gossamer
a: End Transformation


You were on level 7 of Tartarus.
You were an undead lich.
You visited 14 branches of the dungeon, and saw 70 of its levels.
You visited the Abyss 1 time.
You also visited: Ice Cave and Wizlab.

You collected 8721 gold pieces.
You spent 5485 gold pieces at shops.

Inventory:

Hand Weapons
 a - the +3 Elemental Staff (weapon) {rElec rF+ rC+ AC+3}
   (You found it on level 6 of the Dungeon)

   It enhances your fire, ice, earth and air magic.
   AC:        It affects your AC (+3).
   rF:        It protects you from fire.
   rC:        It protects you from cold.
   rElec:     It insulates you from electricity.
 b - a +9 double sword of venom
 h - a +9 eudemon blade of holy wrath
 q - a +5 heavy demon blade
Missiles
 I - 2 throwing nets (quivered)
Armour
 c - the scarf of Daugorr (worn) {harm, rPois rCorr}
   (You acquired it on level 2 of the Vaults)

   rPois:     It protects you from poison.
   rCorr:     It protects you from acid and corrosion.
 i - a +2 pair of gloves of dexterity (worn)
 r - +2 acid dragon scales
 v - a +2 robe of the Archmagi (worn)
 D - the +3 crown of Dyrovepreva (worn) {rElec Int+2 SInv}
   (You bought it in a shop on level 6 of the Dungeon)

   Int:       It affects your intelligence (+2).
   rElec:     It insulates you from electricity.
   SInv:      It lets you see invisible.
 J - a scarf of repulsion
 P - the +3 pair of seven-league boots {Rampage+∞}
   (You found it on level 4 of the Lair of Beasts)

   Rampage+∞: When moving toward enemies, its wearer moves as far as possible.
 R - the +2 shield of Resistance (worn) {rF++ rC++ Will++}
   (You acquired it on level 12 of the Dungeon)

   rF:        It greatly protects you from fire.
   rC:        It greatly protects you from cold.
   Will:      It greatly increases your willpower.
 S - the +3 pair of mountain boots (worn) {steadfast, rC+}
   (You found it on level 5 of the Realm of Zot)

   Steadfast: It prevents involuntary movement, except for blinking,
   teleportation, or banishment.
   rC:        It protects you from cold.
Jewellery
 f - the ring of Moidwuj {Fly rC+ Int+3}
   (You found it on level 2 of the Crypt)

   [ring of flight]

   Int:       It affects your intelligence (+3).
   rC:        It protects you from cold.
   Fly:       It grants you flight.
 n - the ring of Bugyl Ulluco {rElec rN+++ EV+5 Dex-4 Stlth+}
   (You found it on level 4 of the Shoals)

   [ring of evasion]

   EV:        It affects your evasion (+5).
   Dex:       It affects your dexterity (-4).
   rElec:     It insulates you from electricity.
   rN:        It renders you almost immune to negative energy.
   Stlth:     It makes you more stealthy.
 s - the ring of Pride (right hand) {Wiz Str+3 Dex+3}
   (You took it off a yaktaur captain on level 5 of the Vaults)

   [ring of wizardry]

   It improves your spell success rate.
   Str:       It affects your strength (+3).
   Dex:       It affects your dexterity (+3).
 F - the ring of Shadows {Umbra +Inv Stlth+}
   (You took it off a yaktaur captain on level 3 of the Vaults)

   [ring of stealth]

   Umbra:     It surrounds you with an aura of shadow, increasing your stealth
   and reducing the accuracy of all others within it.
   +Inv:      It lets you turn invisible.
   Stlth:     It makes you more stealthy.
 L - the amulet of Moderation {rC+ Regen+}
   (You found it on level 7 of Cocytus)

   [amulet of regeneration]

   rC:        It protects you from cold.
   Regen:     It increases your rate of health regeneration.
 N - an amulet of magic regeneration (around neck)
 Q - the ring of Bioraguu (left hand) {MP+9 AC+4 Int+4}
   (You bought it in a shop on level 10 of the Dungeon)

   [ring of protection]

   AC:        It affects your AC (+4).
   Int:       It affects your intelligence (+4).
   MP:        It affects your magic capacity (+9).
 X - the ring "Kiuddom" {Will++ EV+5 Str+2 Int-5}
   (You took it off a deep elf blademaster on level 3 of the Elven Halls)

   [ring of evasion]

   EV:        It affects your evasion (+5).
   Str:       It affects your strength (+2).
   Int:       It affects your intelligence (-5).
   Will:      It greatly increases your willpower.
Wands
 o - a wand of quicksilver (29)
 U - a wand of digging (34)
Scrolls
 m - 9 scrolls of fog
 p - 21 scrolls of teleportation
 t - 3 scrolls of enchant armour
 w - 12 scrolls of fear
 x - a scroll of blinking
 H - 4 scrolls of magic mapping
 M - a scroll of butterflies
 V - 6 scrolls of torment
Potions
 d - 10 potions of might
 e - 3 potions of invisibility
 g - 36 potions of curing
 j - 3 potions of cancellation
 k - 12 potions of flight
 l - 13 potions of heal wounds
 u - 6 potions of haste
 z - 8 potions of resistance
 C - 17 potions of ambrosia
 E - 12 potions of brilliance
 G - 3 potions of magic
 K - 10 potions of mutation
Miscellaneous
 y - a phantom mirror (inert)
 A - a box of beasts (inert)
 B - the horn of Geryon
 O - a tin of tremorstones (inert)
 T - a phial of floods (inert)


   Skills:
 - Level 19.0 Fighting
 - Level 11.0 Long Blades
 - Level 7.0 Staves
 - Level 3.0 Throwing
 - Level 11.0 Armour
 - Level 11.0 Dodging
 - Level 2.0 Stealth
 - Level 13.1 Shields
 - Level 19.0 Spellcasting
 - Level 20.0 Conjurations
 - Level 3.0 Hexes
 + Level 15.9 Necromancy
 + Level 15.9 Transmutations
 - Level 21.0 Fire Magic
 - Level 3.0 Ice Magic
 + Level 13.2 Air Magic
 - Level 13.0 Earth Magic
 - Level 7.0 Poison Magic
 - Level 5.0 Evocations


You couldn't memorise any spells.
You knew the following spells:

 Your Spells              Type           Power      Damage    Failure   Level
a - Necromutation         Tmut/Necr      88%        N/A       1%          8
b - Lehudib's Crystal Sp  Conj/Erth      89%        10d20     1%          8
c - Fire Storm            Conj/Fire      95%        8d24      3%          9
d - Ignite Poison         Fire/Tmut/Pois 100%       N/A       0%          3
e - Poisonous Vapours     Pois/Air       100%       N/A       0%          2
f - Sublimation of Blood  Necr           100%       N/A       0%          2
g - Chain Lightning       Conj/Air       89%        3d119     17%         9
h - Fireball              Conj/Fire      95%        3d35      0%          5
i - Olgreb's Toxic Radia  Pois           100%       N/A       1%          4
j - Plasma Beam           Fire/Air       100%       2x1d131   1%          6
n - Ignition              Fire           95%        3d24      1%          8

Your spell library contained the following spells:

 Spells                   Type           Power      Damage    Failure   Level
 Beastly Appendage        Tmut           100%       N/A       0%          1
 Foxfire                  Conj/Fire      100%       2x1d9     0%          1
 Magic Dart               Conj           100%       1d8       0%          1
 Sandblast                Erth           100%       2d20      0%          1
 Sting                    Tmut/Pois      100%       1d8       0%          1
 Cigotuvi's Dreadful Rot  Necr/Pois/Air  100%       N/A       0%          2
 Momentum Strike          Conj/Tloc      100%       3d10      0%          2
 Passwall                 Tmut/Erth      100%       N/A       0%          2
 Scorch                   Fire           100%       2d9       0%          2
 Searing Ray              Conj           100%       2d8       0%          2
 Static Discharge         Conj/Air       100%       2-7/arc   0%          2
 Wereblood                Tmut           100%       N/A       0%          2
 Hailstorm                Conj/Ice       100%       3d20      0%          3
 Mephitic Cloud           Conj/Pois/Air  100%       N/A       0%          3
 Stone Arrow              Conj/Erth      100%       3d13      0%          3
 Swiftness                Air            100%       N/A       0%          3
 Airstrike                Air            83%        2d(12-28) 0%          4
 Animate Dead             Necr           100%       N/A       0%          4
 Dispel Undead            Necr           100%       3d31      0%          4
 Flame Wave               Conj/Fire      100%       2d21      0%          4
 Petrify                  Tmut/Erth      100%       N/A       0%          4
 Sticky Flame             Conj/Fire      100%       2d11      0%          4
 Arcjolt                  Conj/Air       89%        1d99      0%          5
 Iskenderun's Battlesphe  Conj           100%       2d15      0%          5
 Apportation              Tloc           100%       N/A       1%          1
 Freeze                   Ice            100%       1d10      1%          1
 Summon Small Mammal      Summ           100%       N/A       1%          1
 Blink                    Tloc           100%       N/A       1%          2
 Call Imp                 Summ           100%       N/A       1%          2
 Ensorcelled Hibernation  Hex/Ice        100%       N/A       1%          2
 Lesser Beckoning         Tloc           100%       N/A       1%          2
 Call Canine Familiar     Summ           69%        N/A       1%          3
 Frozen Ramparts          Ice            100%       1d16      1%          3
 Gell's Gravitas          Tloc           69%        N/A       1%          3
 Ozocubu's Armour         Ice            100%       N/A       1%          3
 Portal Projectile        Hex/Tloc       100%       N/A       1%          3
 Summon Guardian Golem    Hex/Summ       82%        N/A       1%          3
 Teleport Other           Tloc           69%        N/A       1%          3
 Tukima's Dance           Hex            93%        N/A       1%          3
 Vhi's Electric Charge    Tloc/Air       100%       N/A       1%          3
 Anguish                  Hex/Necr       76%        N/A       1%          4
 Animate Armour           Summ/Erth      100%       N/A       1%          4
 Cause Fear               Hex            46%        N/A       1%          4
 Fulminant Prism          Conj/Hex       67%        3d28      1%          4
 Ice Form                 Ice/Tmut       100%       N/A       1%          4
 Leda's Liquefaction      Hex/Erth       72%        N/A       1%          4
 Manifold Assault         Tloc           69%        N/A       1%          4
 Passage of Golubria      Tloc           69%        N/A       1%          4
 Summon Ice Beast         Ice/Summ       100%       N/A       1%          4
 Summon Lightning Spire   Summ/Air       100%       N/A       1%          4
 Alistair's Intoxication  Tmut/Pois      90%        N/A       1%          5
 Borgnjor's Vile Clutch   Necr/Erth      99%        N/A       1%          5
 Freezing Cloud           Conj/Ice/Air   95%        6-21      1%          5
 Silence                  Hex/Air        73%        N/A       1%          5
 Yara's Violent Unravell  Hex/Tmut       63%        3d24      1%          5
 Conjure Ball Lightning   Conj/Air       89%        3x3d33    1%          6
 Death Channel            Necr           88%        N/A       1%          6
 Eringya's Noxious Bog    Tmut/Pois      67%        N/A       1%          6
 Iron Shot                Conj/Erth      89%        9d16      1%          6
 Simulacrum               Ice/Necr       89%        N/A       1%          6
 Statue Form              Tmut/Erth      100%       N/A       1%          6
 Orb of Destruction       Conj           81%        9d18      1%          7
 Storm Form               Tmut/Air       86%        N/A       1%          7
 Borgnjor's Revivificati  Necr           88%        N/A       1%          8
 Infestation              Necr           88%        N/A       1%          8
 Summon Mana Viper        Hex/Summ       82%        N/A       2%          5
 Spellforged Servitor     Conj/Summ      64%        N/A       2%          7
 Summon Forest            Summ/Tloc      34%        N/A       4%          5
 Maxwell's Capacitive Co  Air            83%        ∞         4%          8
 Haunt                    Necr/Summ      72%        N/A       5%          7
 Dispersal                Tloc           34%        N/A       24%         6
 Summon Cactus Giant      Summ           34%        N/A       24%         6
 Enfeeble                 Hex            46%        N/A       34%         7
 Ozocubu's Refrigeration  Ice            57%        4d20      34%         7
 Shatter                  Erth           83%        3d60*     56%         9
 Malign Gateway           Summ/Tloc      34%        N/A       75%         7
 Monstrous Menagerie      Summ           34%        N/A       75%         7
 Summon Hydra             Summ           34%        N/A       75%         7
 Discord                  Hex            46%        N/A       95%         8
 Disjunction              Tloc           34%        N/A       100%        8
 Summon Horrible Things   Summ           34%        N/A       100%        8
 Polar Vortex             Ice            57%        N/A       100%        9


Dungeon Overview and Level Annotations

Branches:
Dungeon (15/15)            Temple (0/1) D:7            Lair (5/5) D:10
 Shoals (4/4) Lair:2       Spider (4/4) Lair:3        Slime (5/5) Lair:4
    Orc (2/2) D:10            Elf (3/3) Orc:2        Vaults (5/5) D:14
  Crypt (3/3) Vaults:2       Tomb (0/3) Crypt:3      Depths (4/4) D:15
   Hell (visited)             Coc (7/7) Hell            Tar (7/7) Hell
    Zot (5/5) Depths:4      IceCv (visited)          WizLab (visited)
    Dis: Hell:1         Geh: Hell:1

Shops:
D:5 *   D:6 ?:[*   D:8 *   D:10 =   D:15 *   Orc:2 *!=[   Elf:1 [
Shoals:2 (**[   Vaults:1 (   Vaults:4 :   Depths:1 (   Depths:4 :==[

Portals:
Hell: Depths:1 Depths:2 Depths:3 Depths:4
Abyss: Depths:3 Depths:4
Pandemonium: Orc:2 Depths:2
Ziggurat: Depths:1
Trove: Depths:4 (give +6 demon blade)

Annotations:
D:14 Stash 1
Vaults:3 Stash 2
Tar:7 2 exclusions, Ereshkigal


Innate Abilities, Weirdness & Mutations

You are an undead lich.
Your unarmed attacks are suffused with negative energy.
You are immune to unholy pain and torment.
Your necromantic spells are more powerful.
You cannot drink.
You are immune to poison.
You have an increased reservoir of magic. (+10% MP)
You shall have no god before yourself.
Your divine heritage dramatically boosts your attributes as you level up.
You have a pair of small antennae on your head.
You have a somewhat thin skeletal structure. (Dex +2, Stealth+)
((You sometimes lose your temper in combat.))
You are clumsy. (Dex -2)
Potions are less effective at restoring your health.
You expend magic power (3 MP) to strengthen your wands.


Message History

The Tzitzimitl gestures at you.
You convulse!
Ereshkigal barely misses you. The Tzitzimitl gestures at you.
You convulse!
The Tzitzimitl completely misses you. You block the Tzitzimitl's attack.
You cannot drink potions in your current state!
Okay, then.
Okay, then.
You hit Ereshkigal but do no damage.
Ereshkigal is severely wounded.
Ereshkigal gestures.
Ereshkigal's surroundings become eerily quiet.
You block the Tzitzimitl's attack. x2; You block Ereshkigal's attack.
Your juvenile oxsting beast hits the Tzitzimitl but does no damage.
Your juvenile oxsting beast tramples the Tzitzimitl but does no damage.
Your juvenile oxsting beast closely misses the Tzitzimitl.
The Tzitzimitl calls on the powers of darkness!
You feel a surge of unholy energy.
Your juvenile oxsting beast convulses!
You barely miss Ereshkigal.
Ereshkigal is severely wounded.
Ereshkigal gestures at you. The bolt of cold hits you. You resist.
The bolt of cold hits the Tzitzimitl!
The Tzitzimitl resists.
The Tzitzimitl gestures at you.
You convulse!
* * * LOW HITPOINT WARNING * * *
Ereshkigal gestures at you.
You suddenly lose the ability to move!
Ereshkigal hits you but does no damage.
Your juvenile oxsting beast hits the Tzitzimitl!
Your juvenile oxsting beast barely misses the Tzitzimitl.
Your juvenile oxsting beast stings the Tzitzimitl.
The Tzitzimitl engulfs you.
* * * LOW HITPOINT WARNING * * *
The Tzitzimitl drains your vigour!
You feel yourself slow down.
The Tzitzimitl bites you but does no damage.
The Tzitzimitl gestures at you.
You convulse!
You die...

##(#.# ##....## #.#.## #......#
#....# ##......## #....#
#........# #....# #........#
#.)..# #........#
#.##.#####'(''###
#'#...##...&1...##
..#...#..).L1....#
#####..#..#.1..#..#
#.....#..H.#.... ##...##....# ...
# ##.####..## .# +
###.....####.####
###............................##
~~~~~~~~~~~~~~~~~~~~.............
≈≈≈≈≈≈≈≈≈≈≈≈~~~≈≈≈≈~~~~~~~~......


You could see Ereshkigal (fast, silencing, unsilenced), 3 Tzitzimimeh and a
friendly juvenile oxsting beast (summoned).

Vanquished Creatures
  Antaeus (Coc:7)
  the Royal Jelly (Slime:5)
  the Serpent of Hell (Coc:7)
  6 ancient liches
  10 orbs of fire
  5 dread liches
  Mennas (Depths:4)
  3 juggernauts
  Boris (Depths:4)
  12 shard shrikes
  4 Killer Klowns
  Xtahua (Depths:4)
  2 curse toes
  Saint Roka (Vaults:3)
  A caustic shrike (Depths:3)
  Geryon (Hell)
  5 golden dragons
  Jory (Depths:4)
  14 bone dragons
  12 doom hounds
  7 Tzitzimimeh
  15 profane servitors
  2 electric golems (Zot:5)
  2 hellephants (Abyss:3)
  2 spectral shard shrikes
  19 tentacled monstrosities
  26 Ice Fiends
  7 liches
  Grunn (Zot:4)
  18 titans
  8 deep elf master archers
  A deep elf blademaster (Elf:3)
  4 quicksilver dragons
  16 tainted leviathans
  25 Orb Guardians (Zot:5)
  20 acid blobs
  4 tentacled starspawn
  3 ancient champions
  7 death cobs
  Agnes (D:14)
  Polyphemus (Shoals:4)
  3 sphinxes (Vaults:5)
  7 tengu reavers
  10 storm dragons
  16 shadow dragons
  3 revenants
  Roxanne (Elf:1)
  12 azure jellies
  2 thorn hunters (WizLab)
  8 draconian knights
  Ilsuiw (Shoals:3)
  3 fenstrider witches (WizLab)
  Donald (Shoals:1)
  7 draconian monks
  A daeva (Abyss:3)
  19 rockslimes
  16 frost giants
  2 iron dragons (Vaults:5)
  11 emperor scorpions
  3 spectral juggernauts
  10 deep elf sorcerers
  11 shard shrike simulacra
  9 fire giants
  14 narguns
  Aizul (Elf:1)
  A curse skull (Crypt:3)
  4 draconian scorchers
  2 caustic shrike zombies (Depths:2)
  8 draconian shifters
  4 orc warlords
  13 vault wardens
  5 ghost moths
  A balrug (Depths:2)
  6 deep elf elementalists
  4 draconian annihilators
  A juggernaut skeleton (Depths:2)
  8 broodmothers
  A draconian stormcaller (Zot:2)
  7 reapers
  7 quicksilver oozes
  33 ironbound preservers
  37 very ugly things
  2 caustic shrike skeletons
  13 stone giants
  14 green draconians
  8 ironbound thunderhulks
  7 war gargoyles
  26 putrid mouths
  28 elemental wellsprings
  An eleionoma (WizLab)
  4 black draconians
  11 vampire knights
  4 deep elf demonologists
  7 deep elf annihilators
  13 dire elephants
  11 purple draconians
  Azrael (D:12)
  4 spark wasps
  12 red draconians
  19 wendigos
  12 white draconians
  4 spectral titans
  The ghost of Panli the Skirmisher, a journeyman CeHs of Okawaru (Lair:5)
  9 yellow draconians
  6 deep elf death magi
  Josephine (D:15)
  5 iron golems (Hell)
  6 eidola
  6 merfolk impalers
  8 merfolk javelineers
  11 yaktaur captains
  An acid blob zombie (Crypt:1)
  7 deep elf high priests
  12 ettins
  2 spectral krakens (Tar:7)
  2 crystal guardians
  A green death (Hell)
  12 great orbs of eyes
  4 fire dragons
  3 spectral iron giants
  3 jiangshi
  6 entropy weavers
  2 shambling mangroves (WizLab)
  19 caustic shrike simulacra
  3 spectral spriggans
  2 rakshasas (Depths:1)
  Fannar (D:10)
  7 juggernaut simulacra
  2 hell beasts (Hell)
  13 ironbound frosthearts
  2 spriggan air magi
  7 hydras
  5 peacekeepers
  3 ogre magi
  A merfolk avatar (Shoals:3)
  Erica (D:9)
  Erolcha (D:13)
  9 ice dragons
  A demonspawn (Orc:2)
  3 spectral shadow dragons
  27 centaur warriors
  A radroach (Spider:2)
  7 jorogumos
  An alligator snapping turtle (Shoals:2)
  46 vault guards
  4 merfolk aquamancers
  7 boulder beetles
  2 catoblepae
  7 two-headed ogres
  3 death knights
  4 tengu warriors
  2 deep troll shamans
  The ghost of browni3141 the Honourless, a novice AtDe of the Shining One (Lair:1)
  3 satyrs
  28 dancing weapons
  2 spectral stone giants
  27 death yaks
  4 vampire magi
  5 hell hogs
  3 spectral dire elephants
  3 deep troll earth magi
  2 titan zombies
  2 sun demons (Hell)
  10 hell knights
  10 orc high priests
  A thrashing horror (Abyss:3)
  20 deep elf knights
  3 naga sharpshooters (WizLab)
  A spectral naga (Tar:1)
  A storm dragon zombie (Crypt:2)
  4 spriggan berserkers
  10 skeletal warriors
  8 soul eaters
  2 wretched stars (Abyss:2)
  A titan skeleton (Depths:2)
  Nergalle (D:10)
  A sun moth (Spider:3)
  Sonja (Lair:4)
  20 sea snakes
  19 shadow wraiths
  5 skysharks
  Lodul (D:11)
  A ghost moth zombie (Crypt:1)
  2 goliath frogs (Lair:5)
  6 iron trolls
  3 spark wasp zombies (Depths:2)
  6 glowing orange brains
  5 pharaoh ants
  52 deep trolls
  10 flayed ghosts
  6 quicksilver dragon simulacra
  3 golden dragon zombies (Depths:2)
  A swamp dragon (shapeshifter) (Vaults:5)
  A sea snake (shapeshifter) (Vaults:5)
  2 spectral anacondas
  A spectral iron dragon (Tar:1)
  9 orb spiders
  11 wizards
  An anaconda zombie (Crypt:2)
  4 spriggan simulacra
  2 shadow demons (Hell)
  A death drake (Tar:4)
  A spectral hydra (Tar:1)
  Pikel (D:6)
  16 deep elf archers
  A tengu zombie (Depths:2)
  2 obsidian statues
  13 lindwurms
  2 orange crystal statues
  4 steelbarb worms
  23 phantasmal warriors
  A golden dragon skeleton (Depths:2)
  A fenstrider witch simulacrum (Coc:1)
  12 orc knights
  18 ironbound convokers
  2 starcursed masses (Abyss:2)
  20 harpies
  26 deep elf zephyrmancers
  6 shining eyes
  19 fauns
  57 ugly things
  13 necromancers
  A sphinx skeleton (Crypt:3)
  29 wolf spiders
  32 deep elf pyromancers
  2 spectral ettins
  8 cyclopes
  A cyclops (shapeshifter) (Vaults:1)
  3 stone giant zombies
  5 oklob plants
  A tengu skeleton (Depths:2)
  13 orc sorcerers
  2 iron dragon zombies (Depths:2)
  A jorogumo skeleton (Crypt:3)
  28 elephants
  27 moths of wrath
  20 manticores
  2 human skeletons (Vaults:4)
  A black mamba (shapeshifter) (Vaults:5)
  A dire elephant zombie (Crypt:2)
  A frost giant skeleton (Depths:2)
  A fire giant skeleton (Depths:2)
  5 titan simulacra
  4 rust devils
  A molten gargoyle (Hell)
  4 black mambas
  18 vault sentinels
  6 demonic crawlers
  2 ice statues
  7 merfolk sirens
  5 torpor snails
  8 water nymphs
  9 spectral swamp worms (Tar:7)
  An eye of devastation (shapeshifter) (Depths:3)
  3 gargoyles
  7 smoke demons
  An elephant slug zombie (Crypt:2)
  A storm dragon simulacrum (Coc:1)
  26 cane toads
  3 eyes of devastation
  A guardian serpent (Lair:4)
  Maggie (D:8)
  2 unseen horrors (shapeshifter)
  9 komodo dragons
  A naga skeleton (Hell)
  10 hellions
  2 unseen horrors (D:11)
  11 yaktaurs
  An ice devil (Hell)
  4 rime drakes
  A mana viper zombie (Crypt:3)
  A bunyip simulacrum (Hell)
  5 kobold demonologists
  6 tormentors
  3 efreet
  3 anaconda simulacra
  A golden dragon simulacrum (Coc:7)
  An ancient zyme (Abyss:2)
  2 catoblepas skeletons
  2 tengu conjurers
  14 freezing wraiths
  3 red devils
  A merfolk (shapeshifter) (Depths:4)
  2 silent spectres
  45 merfolk
  7 iron giant simulacra
  15 polar bears
  A hellwing (Orc:2)
  A meliai (shapeshifter) (Vaults:5)
  7 trolls
  Grinder (D:3)
  7 hornets
  A hornet (shapeshifter) (Vaults:3)
  Prince Ribbit (D:7)
  3 meliai (D:15)
  A queen bee (Lair:5)
  3 tyrant leeches (Lair:5)
  8 wind drakes
  A guardian serpent zombie (Crypt:3)
  4 raiju (Abyss:3)
  9 snapping turtles
  28 tarantellas
  A large abomination (Abyss:1)
  4 harpy skeletons
  4 iron dragon simulacra
  2 ettin zombies
  3 dream sheep (Shoals:4)
  A spectral swamp dragon (Tar:1)
  31 blink frogs
  3 stone giant simulacra
  136 slime creatures
  13 flying skulls
  4 centaur simulacra
  A fire dragon zombie (Crypt:1)
  31 jumping spiders
  5 wyverns
  Sigmund (D:3)
  15 wraiths
  5 air elementals
  16 shadows
  A vampire (D:13)
  9 dire elephant simulacra
  64 yaks
  22 culicivoras
  16 water elementals
  An ettin skeleton (Depths:2)
  2 humans
  A spriggan (Depths:1)
  An alligator snapping turtle simulacrum (Coc:2)
  4 fire elementals
  A human (shapeshifter) (D:15)
  47 redbacks
  6 basilisks
  6 golden eyes (Slime:1)
  10 wargs
  A chaos spawn (Orc:2)
  2 spatial vortices (Abyss:3)
  18 vampire mosquitoes
  23 harpy simulacra
  A glowing shapeshifter zombie (Depths:2)
  A naga zombie (Hell)
  Edmund (D:6)
  2 acid dragons
  A cane toad zombie (Crypt:3)
  11 hydra simulacra
  A floating eye (shapeshifter) (Vaults:5)
  3 floating eyes
  Duvessa (D:7)
  A small abomination (Abyss:2)
  13 water moccasins
  A water moccasin (shapeshifter) (D:15)
  4 hell hounds (D:12)
  A glowing shapeshifter skeleton (Vaults:4)
  3 sky beasts
  An ice beast (D:6)
  37 orc warriors
  7 ettin simulacra
  17 ogres
  9 black bears
  18 wolves
  A manticore skeleton (Crypt:2)
  A boggart (Vaults:1)
  7 centaurs
  4 lemures (D:6)
  2 phantoms
  A rime drake skeleton (Crypt:2)
  17 bullfrogs
  5 kobold brigands
  An elf skeleton (Crypt:3)
  An earth elemental (Elf:2)
  5 scorpions
  A glowing shapeshifter simulacrum (Depths:2)
  3 naga simulacra
  5 wights (D:8)
  A cyclops skeleton (Crypt:1)
  Dowan (D:7)
  19 killer bees
  2 electric eels (Lair:2)
  5 howler monkeys
  29 orc priests
  A bullfrog skeleton (Crypt:1)
  A hound (D:6)
  A jelly (shapeshifter) (Vaults:5)
  Crazy Yiuf (D:3)
  A gnoll bouda (D:9)
  9 hell rats
  An iguana (D:4)
  26 orc wizards
  A sleepcap (D:6)
  A boggart skeleton (Crypt:3)
  Robin (D:2)
  3 gnolls (D:9)
  7 adders
  3 shadow imps
  5 white imps
  2 ufetubi (D:5)
  An iguana skeleton (Crypt:1)
  2 worms
  5 dart slugs
  76 orcs
  4 bats
  8 endoplasms
  4 giant cockroaches
  16 goblins
  12 hobgoblins
  3 jackals
  14 kobolds
  4 quokkas
  12 ball pythons
  3 frilled lizards
  A frilled lizard skeleton (Crypt:1)
  A jackal zombie (Crypt:3)
  5 rats
  A butterfly (Lair:2)
  A fire vortex (Tar:7)
  3 starspawn tentacles (Abyss:3)
3165 creatures vanquished.

Vanquished Creatures (collateral kills)
  A red draconian (Zot:4)
  A hell rat (Hell)
2 creatures vanquished.

Vanquished Creatures (others)
  An orb of fire (Zot:5)
  A draconian scorcher (Zot:5)
  A shard shrike simulacrum (Coc:4)
  A purple draconian (Zot:5)
  A juggernaut simulacrum (Coc:7)
  49 fire vortices
  565 foxfires
  17 fulminant prisms
  4 starspawn tentacles
640 creatures vanquished.

Grand Total: 3807 creatures vanquished

Notes
Turn   | Place    | Note
-------+----------+-------------------------------------------
     0 | D:1      | wingedge the Demigod Wanderer began the quest for the Orb.
     0 | D:1      | wingedge set off with the following items: a +0 club, a
                  | scroll of vulnerability, a +0 robe, a +0 buckler; and the
                  | following spells available to memorise: Beastly Appendage,
                  | Foxfire, Sting, Hailstorm, Ignite Poison.
     0 | D:1      | Reached XP level 1. HP: 14/14 MP: 4/4
     6 | D:1      | Learned a level 1 spell: Sting
    42 | D:1      | Learned a level 1 spell: Foxfire
    93 | D:1      | Reached skill level 1 in Fire Magic
   291 | D:1      | Reached XP level 2. HP: 20/20 MP: 3/5
   594 | D:1      | Reached skill level 2 in Fire Magic
  1384 | D:1      | Reached XP level 3. HP: 26/26 MP: 0/6
  1626 | D:2      | Noticed Robin
  1641 | D:2      | Killed Robin
  2563 | D:3      | Reached XP level 4. HP: 33/33 MP: 6/9
  2919 | D:3      | Noticed Sigmund
  2927 | D:3      | Killed Sigmund
  2928 | D:3      | Reached skill level 1 in Fighting
  2928 | D:3      | Reached skill level 3 in Fire Magic
  2928 | D:3      | Reached XP level 5. HP: 29/40 MP: 2/10
  3083 | D:3      | Noticed Grinder
  3093 | D:3      | Killed Grinder
  3094 | D:3      | Reached skill level 4 in Fire Magic
  3094 | D:3      | Reached skill level 5 in Fire Magic
  3094 | D:3      | Reached skill level 1 in Poison Magic
  3094 | D:3      | Reached XP level 6. HP: 47/47 MP: 2/11
  3296 | D:3      | Found a runed translucent door.
  3297 | D:3      | Noticed Crazy Yiuf
  4393 | D:4      | Reached XP level 7. HP: 53/53 MP: 5/13
  5142 | D:5      | Entered Level 5 of the Dungeon
  5895 | D:5      | Found Cukix's Fire Supplies.
  5904 | D:5      | Bought Veisk's Writings on the Tropics for 280 gold pieces
  5907 | D:5      | Learned a level 2 spell: Scorch
  6041 | D:6      | Found Millee's Armour Boutique.
  6041 | D:6      | Noticed an animated pearl dragon scales
  6041 | D:6      | Noticed an animated crystal plate armour
  6053 | D:6      | Reached skill level 1 in Armour
  6053 | D:6      | Reached XP level 8. HP: 62/62 MP: 6/16
  6173 | D:6      | Noticed Pikel
  6558 | D:6      | Learned a level 3 spell: Ignite Poison
  6583 | D:6      | Killed Pikel
  6737 | D:6      | Learned a level 2 spell: Poisonous Vapours
  6741 | D:6      | Learned a level 3 spell: Mephitic Cloud
  6779 | D:6      | Found a large runed translucent door.
  6779 | D:6      | Found a large runed translucent door.
  6783 | D:6      | Noticed a boulder beetle
  6784 | D:6      | Found the +3 Elemental Staff {rElec rF+ rC+ AC+3}
  6785 | D:6      | Noticed Edmund
  6787 | D:6      | Noticed a troll
  6798 | D:6      | Reached skill level 6 in Fire Magic
  6967 | D:6      | Reached skill level 1 in Air Magic
  6980 | D:6      | Killed Edmund
  6981 | D:6      | Reached XP level 9. HP: 69/69 MP: 5/19
  7158 | D:6      | Noticed a two-headed ogre
  7165 | D:6      | Killed a two-headed ogre
  7166 | D:6      | Reached skill level 5 in Transmutations
  7322 | D:6      | Found a large runed translucent door.
  7322 | D:6      | Found a large runed translucent door.
  7460 | D:6      | Reached skill level 5 in Spellcasting
  7460 | D:6      | Reached skill level 5 in Poison Magic
  7465 | D:6      | Killed a boulder beetle
  7466 | D:6      | Reached skill level 7 in Fire Magic
  7587 | D:6      | Identified the ring "Lidif" {rElec rN+ Int-4 Slay+2 SInv}
  7710 | D:6      | Found Pozi Reb's Assorted Antiques.
  7821 | D:6      | Found Niupt's Magic Scroll Shoppe.
  7878 | D:6      | Found Enguisem's Tiny Tomes.
  8120 | D:7      | Found a staircase to the Ecumenical Temple.
  8362 | D:7      | Reached skill level 1 in Evocations
  8567 | D:7      | Noticed Prince Ribbit
  8571 | D:7      | Killed Prince Ribbit
  8572 | D:7      | Reached skill level 8 in Fire Magic
  8572 | D:7      | Reached XP level 10. HP: 77/77 MP: 9/21
  9010 | D:7      | Noticed Duvessa
  9012 | D:7      | Killed Duvessa
  9015 | D:7      | Noticed Dowan
  9017 | D:7      | Killed Dowan
 10009 | D:8      | Found Syumau Xozy's Changing Room.
 10233 | D:8      | Noticed Maggie
 10238 | D:8      | Killed Maggie
 10496 | D:8      | Reached skill level 1 in Staves
 10702 | D:8      | Learned a level 3 spell: Hailstorm
 10879 | D:9      | Reached skill level 1 in Ice Magic
 11003 | D:9      | Noticed a two-headed ogre
 11005 | D:9      | Killed a two-headed ogre
 11086 | D:9      | Learned a level 5 spell: Fireball
 11743 | D:10     | Entered Level 10 of the Dungeon
 11754 | D:10     | Found a staircase to the Orcish Mines.
 12058 | D:10     | Reached skill level 5 in Conjurations
 12061 | D:10     | Reached skill level 5 in Air Magic
 12368 | D:10     | Noticed an oklob plant
 12441 | D:10     | Reached XP level 11. HP: 85/85 MP: 18/24
 13043 | D:10     | Noticed Nergalle
 13048 | D:10     | Killed Nergalle
 13123 | D:10     | Reached skill level 5 in Fighting
 13411 | D:9      | Found a transporter.
 13417 | D:9      | Found a transporter.
 13426 | D:9      | Noticed Erica
 13428 | D:9      | Killed Erica
 13705 | D:9      | Identified the amulet of Pride {Reflect Int-2 Dex+5 SH+5
                  | Stlth-}
 13801 | D:10     | Found Ybladatio's Jewellery Shoppe.
 13922 | D:6      | Bought the +3 crown of Dyrovepreva {rElec Int+2 SInv} for
                  | 455 gold pieces
 13922 | D:6      | Found the +3 crown of Dyrovepreva {rElec Int+2 SInv}
 14108 | D:10     | Noticed Fannar
 14286 | D:10     | Killed Fannar
 14287 | D:10     | Reached skill level 5 in Shields
 14510 | D:10     | Found a staircase to the Lair.
 14603 | D:10     | Reached skill level 1 in Throwing
 14753 | Lair:1   | Entered Level 1 of the Lair of Beasts
 14868 | Lair:1   | Noticed a death yak
 14869 | Lair:1   | Noticed a death yak
 14876 | Lair:1   | Noticed a death yak
 14878 | Lair:1   | Noticed a death yak
 14879 | Lair:1   | Killed a death yak
 14880 | Lair:1   | Killed a death yak
 14880 | Lair:1   | Noticed a death yak
 14891 | Lair:1   | Killed a death yak
 15089 | Lair:1   | Killed a death yak
 15106 | Lair:1   | Killed a death yak
 15378 | Lair:1   | Found a runed translucent door.
 15378 | Lair:1   | Noticed browni3141's ghost (novice AtDe)
 16143 | Lair:2   | Reached XP level 12. HP: 87/97 MP: 20/26
 16535 | Lair:2   | Learned a level 4 spell: Olgreb's Toxic Radiance
 16894 | Lair:2   | Found a staircase to the Shoals.
 17209 | Lair:2   | Noticed a boulder beetle
 17213 | Lair:2   | Killed a boulder beetle
 17996 | Lair:3   | Reached skill level 9 in Fire Magic
 18086 | Lair:3   | Reached XP level 13. HP: 99/106 MP: 28/28
 18565 | D:3      | Killed Crazy Yiuf
 18956 | Lair:3   | Found a hole to the Spider Nest.
 19378 | Lair:4   | Found a staircase to the Slime Pits.
 20235 | D:5      | Bought Buwoimol's Collected Works on Wildfire for 300 gold
                  | pieces
 20242 | D:5      | Learned a level 6 spell: Plasma Beam
 20492 | Lair:4   | Noticed Sonja
 20494 | Lair:4   | Killed Sonja
 20704 | Lair:4   | Found the +3 pair of seven-league boots {Rampage+∞}
 20928 | Lair:5   | Entered Level 5 of the Lair of Beasts
 21483 | Lair:5   | Reached skill level 5 in Staves
 21572 | Lair:5   | Reached XP level 14. HP: 90/118 MP: 6/31
 21980 | Lair:5   | Noticed Panli's ghost (journeyman CeHs)
 22010 | Lair:5   | Reached skill level 10 in Fighting
 22474 | Lair:5   | Found the +4 robe of Folly {Brill Will-∞ Int+8}
 22500 | Lair:5   | Identified the +3 long sword of Guile {freeze, *Corrode
                  | Str+5}
 22544 | Lair:5   | Found a transporter.
 22599 | Lair:5   | Found a transporter.
 22979 | Lair:5   | Killed Panli's ghost
 23221 | Orc:1    | Entered Level 1 of the Orcish Mines
 23223 | Orc:1    | Noticed an orc warlord
 23230 | Orc:1    | Killed an orc warlord
 23480 | Orc:2    | Entered Level 2 of the Orcish Mines
 24148 | Orc:2    | Found Lahireag's Distillery.
 24149 | Orc:2    | Found Muliawk's General Store.
 24215 | Orc:2    | Bought a potion of magic for 112 gold pieces
 24458 | Orc:2    | Found Ifopu's Jewellery Shoppe.
 24458 | Orc:2    | Found Yfobygor's Antique Armour Emporium.
 24461 | Orc:2    | Found a one-way gate leading to the halls of Pandemonium.
 24748 | Orc:2    | Found a staircase to the Elven Halls.
 25128 | Orc:1    | Noticed an orc warlord
 25132 | Orc:1    | Killed an orc warlord
 25133 | Orc:1    | Reached skill level 5 in Dodging
 25133 | Orc:1    | Reached XP level 15. HP: 127/127 MP: 30/33
 25465 | D:10     | Upgraded the game from 0.30.0 to 0.30.0-3-ga4e48a9924
 25476 | D:11     | Found a frozen archway.
 25500 | IceCv    | Entered an ice cave
 26179 | D:11     | Noticed Lodul
 26181 | D:11     | Killed Lodul
 26338 | D:10     | Bought the ring of Bioraguu {MP+9 AC+4 Int+4} for 1124 gold
                  | pieces
 26442 | D:11     | Found a runed translucent door.
 26466 | D:11     | Identified the +3 great sword "Xoes" {drain, rC+ Int+2
                  | Stlth+}
 27064 | D:11     | Identified a scroll of acquirement
 27153 | D:11     | Acquired a book of the Moon
 27428 | D:12     | Acquired the +2 shield of Resistance {rF++ rC++ Will++}
 27428 | D:12     | Found the +2 shield of Resistance {rF++ rC++ Will++}
 28041 | D:12     | Identified the +12 war axe "Beastbane" {freeze, Contam rC+
                  | Int+4}
 28053 | D:12     | Identified the +1 spear "Kophe" {freeze, SInv}
 28091 | D:12     | Reached skill level 5 in Evocations
 28408 | D:12     | You fall into a shaft and drop 1 floor!
 28566 | D:13     | Reached skill level 10 in Fire Magic
 28573 | D:13     | Noticed Erolcha
 28575 | D:13     | Killed Erolcha
 28593 | D:13     | Reached skill level 5 in Armour
 28656 | D:12     | Reached skill level 10 in Air Magic
 28675 | D:12     | Noticed Azrael
 28678 | D:12     | Killed Azrael
 28873 | D:12     | Learned a level 5 spell: Freezing Cloud
 29020 | D:6      | Bought a +1 pair of gloves of dexterity for 181 gold pieces
 29344 | D:13     | Reached skill level 10 in Spellcasting
 30097 | D:14     | Noticed Agnes
 30101 | D:14     | Killed Agnes
 31087 | D:14     | Identified the +0 helmet of Wonder {rN+ rCorr Stlth+}
 31096 | D:14     | Found a gate to the Vaults.
 31099 | D:14     | Reached XP level 16. HP: 137/137 MP: 35/35
 31243 | D:15     | Entered Level 15 of the Dungeon
 31368 | D:15     | Found Fetify's CLEARANCE SALE!.
 31376 | D:15     | Bought a potion of heal wounds for 30 gold pieces
 31615 | D:15     | Found a staircase to the Depths.
 31858 | D:15     | Noticed Josephine
 31859 | D:15     | Killed Josephine
 32981 | Spider:1 | Entered Level 1 of the Spider Nest
 32981 | Spider:1 | You fall into a shaft and drop 1 floor!
 34430 | Spider:2 | Reached skill level 11 in Fire Magic
 35193 | Spider:3 | Identified the +2 hand axe of Symmetry {pain, rPois rF+
                  | Str-5 Dex+4}
 35721 | Spider:4 | Entered Level 4 of the Spider Nest
 35806 | Spider:4 | Reached XP level 17. HP: 146/146 MP: 37/37
 35887 | Spider:4 | Reached skill level 10 in Shields
 36588 | Spider:4 | Reached skill level 12 in Fire Magic
 36639 | Spider:4 | Learned a level 5 spell: Arcjolt
 36663 | Spider:4 | Got a gossamer rune of Zot
 36672 | Spider:4 | Identified the +1 hat "Xuytuuro" {rC+ Int+2}
 37485 | Shoals:1 | Entered Level 1 of the Shoals
 37485 | Shoals:1 | Identified the +0 kite shield "Bubeo" {Drain Int+8}
 37485 | Shoals:1 | Noticed Donald
 37487 | Shoals:1 | Killed Donald
 38753 | Shoals:2 | Identified the staff of earth "Alul" {rN+}
 39065 | Shoals:2 | Found Talerphio's Visitors' Centre.
 39070 | Shoals:2 | Found Talerphio's Merfolk Armours.
 39070 | Shoals:2 | Found Talerphio's Merfolk Weapons.
 39070 | Shoals:2 | Found Talerphio's Merfolk Magic.
 39078 | Shoals:2 | Bought a throwing net for 45 gold pieces
 39691 | Shoals:3 | Reached XP level 18. HP: 158/158 MP: 16/39
 39863 | Shoals:3 | Reached skill level 13 in Fire Magic
 39952 | Shoals:3 | Noticed Ilsuiw
 39958 | Shoals:3 | Killed Ilsuiw
 40698 | Shoals:4 | Entered Level 4 of the Shoals
 40938 | Shoals:4 | Identified the ring of Bugyl Ulluco {rElec rN+++ EV+5 Dex-4
                  | Stlth+}
 41000 | Shoals:4 | Identified the +0 robe of Faefesut {Regen+ SInv}
 41103 | Shoals:4 | Identified the +3 whip of Saghee {spect, rElec}
 41480 | Shoals:4 | Reached skill level 14 in Fire Magic
 41722 | Shoals:4 | Got the Grimoire of Evolving Gloom
 42076 | Shoals:4 | Noticed Polyphemus
 42079 | Shoals:4 | Killed Polyphemus
 42335 | Shoals:4 | Got a barnacled rune of Zot
 42587 | Orc:2    | Learned a level 8 spell: Ignition
 42588 | Elf:1    | Entered Level 1 of the Elven Halls
 42709 | Elf:1    | Reached skill level 15 in Fire Magic
 42739 | Elf:1    | Noticed Aizul
 42742 | Elf:1    | Killed Aizul
 43076 | Orc:2    | Learned a level 2 spell: Momentum Strike
 43564 | Elf:1    | Found Plog's Antique Armour Shoppe.
 43583 | Elf:1    | Bought a spiked leather armour for 203 gold pieces
 43583 | Elf:1    | Identified the +0 leather armour of Beogh's Inspiration
                  | {-Cast rElec Dex+7} (You bought it in a shop on level 1 of
                  | the Elven Halls)
 43600 | Elf:1    | You fall into a shaft and drop 1 floor!
 43676 | Elf:3    | Entered Level 3 of the Elven Halls
 43939 | Elf:2    | Paralysed by an air elemental for 1 turns
 43947 | Elf:2    | Reached skill level 16 in Fire Magic
 44301 | Elf:2    | Reached XP level 19. HP: 138/167 MP: 5/41
 44605 | Elf:2    | Found a runed translucent gate.
 44605 | Elf:2    | Found a runed translucent gate.
 44605 | Elf:2    | Found a runed translucent gate.
 44722 | Elf:2    | Reached skill level 17 in Fire Magic
 45812 | Elf:1    | Identified Roxanne's Thoughts on Mud
 45812 | Elf:1    | Noticed Roxanne
 45819 | Elf:1    | Killed Roxanne
 46227 | D:6      | Bought the Anthology of Doom for 130 gold pieces
 47112 | Elf:3    | Reached skill level 18 in Fire Magic
 47938 | Elf:3    | Identified the +1 scale mail of the Cuttlefish {Harm *Slow
                  | Str+7 Stlth-}
 47960 | Elf:3    | Identified the ring "Kiuddom" {Will++ EV+5 Str+2 Int-5}
 47961 | Elf:3    | Identified the amulet "Voamel" {RegenMP *Corrode rPois rN+}
 48140 | Elf:3    | Found the +2 cloak of the Thief {*Fog Slay-2 SInv Stlth+}
 48152 | Elf:3    | Identified the staff of earth "Qobruede" {rElec rPois Str-5
                  | Int+2}
 48157 | Elf:3    | Identified the staff of air "Ynwomun" {rElec rN+ Will+
                  | Dex+5}
 48164 | Elf:3    | Identified the +7 short sword "Murmur" {pain, *Corrode
                  | rPois Dex+3 Stlth+}
 48169 | Elf:3    | Identified the staff of air "Efuob" {Fly rElec}
 48211 | Elf:3    | Learned a level 4 spell: Fulminant Prism
 49807 | D:6      | Bought a scroll of blinking for 82 gold pieces
 49807 | D:6      | Bought a scroll of blinking for 82 gold pieces
 49807 | D:6      | Bought a scroll of enchant weapon for 82 gold pieces
 49807 | D:6      | Bought a scroll of enchant weapon for 82 gold pieces
 49976 | Lair:1   | Killed browni3141's ghost
 49980 | Lair:1   | Identified the +0 scale mail of Gexorphi {rF+ rC+ Dex+4}
 50490 | Vaults:1 | Entered Level 1 of the Vaults
 50564 | Vaults:1 | Reached skill level 1 in Long Blades
 50564 | Vaults:1 | Reached skill level 1 in Earth Magic
 50743 | Vaults:1 | Identified the +1 morningstar of Magur {distort, rC+
                  | Stlth+}
 50999 | Vaults:1 | Reached XP level 20. HP: 174/174 MP: 4/44
 51364 | Vaults:1 | Found Neeruurch's Weapon Emporium.
 52604 | Vaults:2 | Found a staircase to the Crypt.
 52903 | Vaults:2 | Reached skill level 1 in Hexes
 53470 | Vaults:2 | Acquired the scarf of Daugorr {harm, rPois rCorr}
 54059 | Vaults:3 | Identified the +7 rapier of Isinwuec {heavy, Will+ Str+4}
 54331 | Vaults:3 | Found a transporter.
 54331 | Vaults:3 | Identified the ring "Guat" {rN+++ Will+ MP-9 Dex+4}
 54342 | Vaults:3 | Found a transporter.
 55012 | Vaults:3 | Noticed Saint Roka
 55014 | Vaults:3 | Killed Saint Roka
 55202 | Vaults:3 | Reached skill level 15 in Spellcasting
 55263 | Vaults:3 | Learned a level 6 spell: Statue Form
 55580 | Vaults:4 | Reached XP level 21. HP: 182/182 MP: 35/46
 55591 | Vaults:4 | Reached skill level 5 in Long Blades
 55746 | Vaults:4 | Reached skill level 5 in Earth Magic
 55779 | Vaults:4 | Identified the +0 ring mail of Midwinter {Stlth+}
 55941 | Vaults:4 | Found Kena Zei's Book Boutique.
 57084 | Vaults:5 | Entered Level 5 of the Vaults
 57086 | Vaults:5 | Reached skill level 15 in Fighting
 57086 | Vaults:5 | Reached skill level 10 in Conjurations
 57142 | Vaults:5 | Noticed a golden dragon
 57144 | Vaults:5 | Killed a golden dragon
 57476 | Vaults:5 | Identified the amulet of Oxtoxzia {Spirit +Inv Str+3}
 57782 | Vaults:5 | Identified the staff of fire "Ponninu" {rPois rF+ Will+
                  | Str-3}
 58199 | Vaults:5 | Reached XP level 22. HP: 193/193 MP: 33/47
 58478 | Vaults:5 | Learned a level 7 spell: Orb of Destruction
 58481 | Vaults:5 | Noticed an ancient lich
 58485 | Vaults:5 | Killed an ancient lich
 58615 | Vaults:5 | Identified the ring of Pride {Wiz Str+3 Dex+3}
 58770 | Vaults:5 | Identified the staff of poison "Qiom" {rElec rPois rN+
                  | Str+2 Dex+3}
 58868 | Vaults:4 | Bought a manual of Necromancy for 1120 gold pieces
 58969 | Vaults:5 | Noticed an ancient lich
 58970 | Vaults:5 | Reached skill level 10 in Dodging
 58971 | Vaults:5 | Killed an ancient lich
 58972 | Vaults:5 | Reached skill level 1 in Necromancy
 58972 | Vaults:5 | Identified the +7 falchion of Ibiruc {vamp, rF++ Dex+3}
 58973 | Vaults:5 | Reached skill level 19 in Fire Magic
 59398 | Vaults:5 | Identified the +1 dagger "Yzydih" {pain, *Corrode +Blink
                  | Str+4}
 59400 | Vaults:5 | Got Giruorefu's Elucidation of Displaced Aeromancy
 59427 | Vaults:5 | Identified the staff of fire "Leoxouw" {rF+ Int+4}
 59562 | Vaults:5 | Identified the staff of earth "Qonys" {rF- Str-2 Int+3
                  | Dex+5}
 59564 | Vaults:5 | Got a silver rune of Zot
 60117 | Slime:1  | Entered Level 1 of the Pits of Slime
 62621 | Slime:5  | Entered Level 5 of the Pits of Slime
 62687 | Slime:5  | Reached skill level 5 in Necromancy
 62761 | Slime:5  | Noticed the Royal Jelly
 62842 | Slime:5  | Killed the Royal Jelly
 63263 | Slime:5  | Found the +3 giant club "Skullcrusher" {speed, Str+7}
 63272 | Slime:5  | Identified the staff of cold "Nirovom" {Fly rPois rC+ rN+
                  | Str+2}
 63274 | Slime:5  | Got a slimy rune of Zot
 63275 | Slime:5  | Identified the amulet "Oduhugos" {Acrobat Harm rElec
                  | Stlth+}
 63305 | Slime:5  | Identified the +7 dire flail "Suplat" {protect, rN+ Str+3
                  | Int+3}
 63311 | Slime:5  | Got the Catalogue of Vitiation and the Sky
 63417 | Slime:5  | Identified the +5 arbalest of Trial by Ordeal {flame, rC+}
 63421 | Slime:5  | Got the Vellum of the Called Salvo
 63548 | Slime:5  | Reached skill level 10 in Transmutations
 64242 | Crypt:1  | Entered Level 1 of the Crypt
 64636 | Crypt:1  | Reached XP level 23. HP: 202/202 MP: 36/48
 65168 | Crypt:2  | Found a magical portal.
 65173 | WizLab   | Entered Eringya's Formal Garden
 65735 | WizLab   | Identified the +12 quarterstaff of Dylluj {spect, rF+ rC+
                  | Int-2 Dex+3}
 66736 | Crypt:2  | Identified the ring of Moidwuj {Fly rC+ Int+3}
 66979 | Crypt:3  | Entered Level 3 of the Crypt
 67123 | Crypt:3  | Identified the +7 dire flail of the Wasteland {antimagic,
                  | rN+ Int+2 Stlth+}
 67356 | Crypt:3  | Identified the ring "Kigh" {Wiz Dex+5 Stlth+}
 67595 | Crypt:3  | Found a staircase to the Tomb.
 67843 | Crypt:3  | Got the Lectures on Left-Handed Magic
 67887 | Crypt:3  | Learned a level 8 spell: Lehudib's Crystal Spear
 68091 | Crypt:3  | Reached skill level 10 in Long Blades
 68604 | Depths:1 | Entered Level 1 of the Depths
 68972 | Depths:1 | Found a gateway to Hell.
 68972 | Depths:1 | Found a one-way gateway to a ziggurat.
 69630 | Depths:1 | Found Boqe's Firing Range.
 70239 | Depths:2 | Reached skill level 10 in Earth Magic
 70316 | Depths:2 | Reached XP level 24. HP: 180/214 MP: 18/49
 71330 | Depths:3 | Noticed a juggernaut
 71335 | Depths:3 | Killed a juggernaut
 71336 | Depths:3 | Noticed a juggernaut
 71342 | Depths:3 | Killed a juggernaut
 71901 | Depths:3 | Identified the +7 sling "Liegishri" {heavy, Str+3}
 72662 | Depths:3 | Identified the +7 demon whip "Ugriacs" {flame, rPois rF+
                  | Dex-3}
 72733 | Depths:3 | Found a one-way gate to the infinite horrors of the Abyss.
 72768 | Depths:3 | Voluntarily entered the Abyss.
 73272 | Abyss:3  | Got an abyssal rune of Zot
 73283 | Depths:3 | Escaped the Abyss
 73516 | Depths:4 | Entered Level 4 of the Depths
 73535 | Depths:4 | Reached skill level 15 in Conjurations
 73595 | Depths:4 | Found Hadoi's Antique Armour Shop.
 73605 | Depths:4 | Bought a pair of glowing boots for 277 gold pieces
 73892 | Depths:4 | Found Tojogilygy's Jewellery Shoppe.
 73894 | Depths:4 | Found Exa Yph's Book Boutique.
 73895 | Depths:4 | Found Haxkonaluth's Jewellery Shoppe.
 73903 | Depths:4 | Bought a book of Annihilations for 900 gold pieces
 73915 | Depths:4 | Learned a level 9 spell: Fire Storm
 74163 | Depths:4 | Found a gate to the Realm of Zot.
 74266 | Depths:4 | Noticed Jory
 74268 | Depths:4 | Killed Jory
 74502 | Depths:4 | Noticed Mennas
 74502 | Depths:4 | Noticed a juggernaut
 74508 | Depths:4 | Killed Mennas
 74517 | Depths:4 | Killed a juggernaut
 74528 | Depths:4 | Noticed Xtahua
 74530 | Depths:4 | Killed Xtahua
 75473 | Depths:4 | Noticed Boris
 75475 | Depths:4 | Killed Boris
 75697 | Depths:4 | Found a portal to a secret trove of treasure.
 76025 | Zot:1    | Entered Level 1 of the Realm of Zot
 76273 | Zot:1    | Reached XP level 25. HP: 221/221 MP: 34/49
 76920 | Zot:3    | Reached skill level 10 in Necromancy
 77347 | Zot:2    | Noticed an orb of fire
 77351 | Zot:2    | Killed an orb of fire
 79176 | Zot:3    | Identified the +2 hand axe of Geis {drain, Fly}
 79275 | Zot:3    | Learned a level 8 spell: Necromutation
 80107 | Zot:4    | Identified the +10 dire flail of Peril {vamp, Int+6 Dex+3}
 80127 | Zot:4    | Noticed Grunn
 80134 | Zot:4    | Killed Grunn
 81010 | Zot:5    | Entered Level 5 of the Realm of Zot
 81584 | Zot:5    | Noticed an ancient lich
 81588 | Zot:5    | Killed an ancient lich
 81803 | Zot:5    | Noticed a dread lich
 81804 | Zot:5    | Noticed an ancient lich
 81806 | Zot:5    | Killed a dread lich
 81806 | Zot:5    | Noticed an orb of fire
 81807 | Zot:5    | Reached skill level 10 in Armour
 81807 | Zot:5    | Reached XP level 26. HP: 232/232 MP: 50/50
 81807 | Zot:5    | Noticed an orb of fire
 81808 | Zot:5    | Identified the +7 falchion of Profit {drain, Drain Fly
                  | rElec rN+}
 81811 | Zot:5    | Killed an orb of fire
 81812 | Zot:5    | Noticed an orb of fire
 81816 | Zot:5    | Noticed an orb of fire
 81817 | Zot:5    | Gained mutation: You are weak. (Str -2) [an orb of fire]
 81818 | Zot:5    | Killed an orb of fire
 81819 | Zot:5    | Noticed an orb of fire
 81821 | Zot:5    | Noticed an orb of fire
 81824 | Zot:5    | Killed an orb of fire
 81834 | Zot:5    | Gained mutation: You are frail. (-10% HP) [an orb of fire]
 81914 | Zot:5    | Killed an ancient lich
 81921 | Zot:5    | Gained mutation: You have large cloven feet. [an orb of
                  | fire]
 81922 | Zot:5    | Gained mutation: You sometimes lose your temper in combat.
                  | [an orb of fire]
 81924 | Zot:5    | Killed an orb of fire
 82021 | Zot:5    | Lost mutation: You have large cloven feet. [potion of
                  | mutation]
 82021 | Zot:5    | Lost mutation: You sometimes lose your temper in combat.
                  | [potion of mutation]
 82021 | Zot:5    | Lost mutation: You are frail. (-10% HP) [potion of
                  | mutation]
 82021 | Zot:5    | Gained mutation: You expend magic power (3 MP) to
                  | strengthen your wands. [potion of mutation]
 82021 | Zot:5    | Lost mutation: You are weak. (Str -2) [potion of mutation]
 82021 | Zot:5    | Gained mutation: You have a pair of small antennae on your
                  | head. [potion of mutation]
 82021 | Zot:5    | Gained mutation: You have a somewhat thin skeletal
                  | structure. (Dex +2, Stealth+) [potion of mutation]
 82092 | Zot:5    | Gained mutation: You occasionally shout uncontrollably at
                  | your foes. [an orb of fire]
 82093 | Zot:5    | Killed an orb of fire
 82172 | Zot:5    | Noticed a dread lich
 82174 | Zot:5    | Killed a dread lich
 82247 | Zot:5    | Found the +3 pair of mountain boots {steadfast, rC+}
 82562 | Zot:5    | Noticed an orb of fire
 82568 | Zot:5    | Noticed an orb of fire
 82570 | Zot:5    | Killed an orb of fire
 82571 | Zot:5    | Noticed an orb of fire
 82571 | Zot:5    | Noticed an orb of fire
 82574 | Zot:5    | Killed an orb of fire
 82574 | Zot:5    | Killed an orb of fire
 82582 | Zot:5    | Gained mutation: Your body sometimes deteriorates upon
                  | taking damage. [an orb of fire]
 82588 | Zot:5    | Killed an orb of fire
 82683 | Zot:5    | Lost mutation: Your body sometimes deteriorates upon taking
                  | damage. [potion of mutation]
 82683 | Zot:5    | Lost mutation: You expend magic power (3 MP) to strengthen
                  | your wands. [potion of mutation]
 82683 | Zot:5    | Lost mutation: You occasionally shout uncontrollably at
                  | your foes. [potion of mutation]
 82683 | Zot:5    | Gained mutation: You expend magic power (3 MP) to
                  | strengthen your wands. [potion of mutation]
 82707 | Zot:5    | Noticed an orb of fire
 82708 | Zot:5    | Gained mutation: You sometimes lose your temper in combat.
                  | [an orb of fire]
 82710 | Zot:5    | Gained mutation: Potions are less effective at restoring
                  | your health. [an orb of fire]
 82711 | Zot:5    | Gained mutation: You are clumsy. (Dex -2) [an orb of fire]
 82712 | Zot:5    | Killed an orb of fire
 83100 | Hell     | Entered the Vestibule of Hell
 83100 | Hell     | Noticed Geryon
 83110 | Hell     | Killed Geryon
 84073 | Hell     | Found a gateway to the freezing wastes of Cocytus.
 84077 | Hell     | Upgraded the game from 0.30.0-3-ga4e48a9924 to
                  | 0.30.0-5-g1a98f26d00
 84085 | Coc:1    | Entered Level 1 of Cocytus
 84517 | Coc:2    | Paralysed by a wendigo for 1 turns
 84656 | Coc:3    | Noticed a dread lich
 84657 | Coc:3    | Killed a dread lich
 85268 | Coc:4    | Noticed an ancient lich
 85271 | Coc:4    | Killed an ancient lich
 85272 | Coc:4    | Reached XP level 27. HP: 194/238 MP: 40/51
 85594 | Coc:5    | Reached skill level 20 in Fire Magic
 86297 | Coc:7    | Entered Level 7 of Cocytus
 86325 | Coc:7    | Noticed the Serpent of Hell
 86328 | Coc:7    | Killed the Serpent of Hell
 87196 | Coc:7    | Learned a level 2 spell: Sublimation of Blood
 87209 | Coc:7    | Identified the amulet of Moderation {rC+ Regen+}
 87212 | Coc:7    | Identified the ring "Ohur" {Wiz Str+3}
 87216 | Coc:7    | Got the Almanac of the Allied Pyromaniac
 87458 | Coc:7    | Reached skill level 15 in Transmutations
 87500 | Coc:7    | Identified the +5 chain mail of Sorcery {MP+9}
 87543 | Coc:7    | Reached skill level 15 in Necromancy
 87659 | Coc:7    | Noticed Antaeus
 87665 | Coc:7    | Killed Antaeus
 87737 | Coc:7    | Got an icy rune of Zot
 89143 | Hell     | Found a gateway to the decaying netherworld of Tartarus.
 89147 | Tar:1    | Entered Level 1 of Tartarus
 90351 | Tar:4    | Found a huge runed gate.
 90351 | Tar:4    | Found a huge runed gate.
 90352 | Tar:4    | Found a huge runed gate.
 90352 | Tar:4    | Found a huge runed gate.
 90353 | Tar:4    | Found a huge runed gate.
 90355 | Tar:4    | Found a huge runed gate.
 90355 | Tar:4    | Found a huge runed gate.
 90355 | Tar:4    | Found a huge runed gate.
 90378 | Tar:4    | Found a huge runed gate.
 90379 | Tar:4    | Found a huge runed gate.
 90382 | Tar:4    | Found a huge runed gate.
 90382 | Tar:4    | Found a huge runed gate.
 90383 | Tar:4    | Found a huge runed gate.
 90384 | Tar:4    | Found a huge runed gate.
 90384 | Tar:4    | Found a huge runed gate.
 90392 | Tar:4    | Noticed a dread lich
 90393 | Tar:4    | Noticed an ancient lich
 90393 | Tar:4    | Noticed a dread lich
 90395 | Tar:4    | Killed a dread lich
 90395 | Tar:4    | Killed an ancient lich
 90395 | Tar:4    | Killed a dread lich
 91833 | Tar:7    | Entered Level 7 of Tartarus
 92072 | Tar:7    | Learned a level 9 spell: Chain Lightning
 92326 | Tar:7    | Reached skill level 21 in Fire Magic
 92990 | Tar:7    | Noticed Ereshkigal
 93015 | Tar:7    | Paralysed by Ereshkigal for 4 turns
 93016 | Tar:7    | Killed from afar by a Tzitzimitl

Illustrated notes

Levels and vault maps discovered:
D:1:      minmay_arrival_four_circles, layout_basic, minmay_misc_feat_nine_boxes
D:2:      kennysheep_big_flooded_room, layout_loops_ring,
          basic_ecumenical_altar, basic_altar, uniq_robin
D:3:      layout_basic, uniq_sigmund, uniq_crazy_yiuf_cottage, uniq_grinder
D:4:      layout_basic, lemuel_round_altar, nicolae_ru_great_annihilating_truth,
          minmay_fractal_squares_5
D:5:      layout_basic, nicolae_shop_fire_sale [nicolae_sub_dead_trees]
D:6:      layout_rooms, serial_shops, nicolae_diamond_shop,
          nicolae_shop_mannequins, shop, nicolae_shop_i_like_small_books_too,
          minmay_hollow_rounded_squares, uniq_edmund, uniq_pikel
D:7:      layout_loops_cross, zin_scriptorium, minitemple,
          nzn_hepliaklqana_mist_gate, lemuel_blue_sif_altar, temple_pool_b,
          glass_columns_a, uniq_prince_ribbit1, uniq_duvessa
D:8:      layout_gridville, cheibrodos_ashenzari_chains, minivault_10,
          nicolae_transmutations_shop, uniq_maggie
D:9:      gammafunk_jiyva_shrine, layout_cave_pods,
          lemuel_coloured_pillars_altar, feat_on_display, uniq_erica
D:10:     layout_loops_ring, nicolae_qazlal_general_emergency,
          dpeg_oklobed_lair, erik_orc_4, serial_shops, nicolae_lakefront_shop,
          uniq_fannar, uniq_nergalle
D:11:     layout_gridville, portal_ice_cave_entry_pillars_1, minivault_16,
          minivault_15, minivault_13, uniq_lodul
D:12:     layout_loops_cross, amcnicky_mini_pool_small,
          minmay_mirror_moons_of_madness, uniq_azrael
D:13:     layout_gridville, uniq_erolcha
D:14:     layout_layer_cave, grunt_vaults_entry_fortified, abandoned_shop,
          uniq_agnes
D:15:     hangedman_depths_entry_civil_slaughter, layout_loops_corners,
          minmay_misc_feat_rows, grunt_decor_arrowhead, minmay_door_square,
          nicolae_shop_clearance, uniq_josephine
Lair:1:   layout_regular_city, gammafunk_ghost_grave, lemuel_old_faithful
Lair:2:   layout_cave_pods, minmay_shoals_entry_hut, lemuel_fruit_fields,
          grunt_megastairs_4, serial_bayou_shore_b
Lair:3:   layout_hall_layers, spider_nest_entry_web_field,
          grunt_forest_small_clearings, wad_woods_road_03, lemuel_fruit_tree,
          grunt_megastairs_1
Lair:4:   cheibrodos_lair_overgrown_chateau, layout_regular_city,
          dpeg_slime_entry_enclosed, hellmonk_guarded_unrand_seven_league_boots,
          serial_bayou_shore_b, uniq_sonja
Lair:5:   minmay_lair_end_frog_pond, layout_cave_pods, gammafunk_ghost_hive
Shoals:1: layout_shoals, uniq_donald
Shoals:2: nicolae_shoals_mermall, layout_shoals
Shoals:3: layout_shoals, nicolae_shoals_loop_pool, uniq_ilsuiw
Shoals:4: shoals_end_grunt_ice, layout_shoals, abandoned_shop, uniq_polyphemus
Spider:1: layout_spider_delve
Spider:2: layout_spider_delve, nicolae_spider_world_wide_web
Spider:3: layout_spider_delve
Spider:4: hellmonk_spider_rune_endless_swarm, nicolae_spider_scorpion_nest
Slime:1:  layout_caves, nicolae_slime_phagocytosis
Slime:2:  layout_caves, cheibrodos_slime_lost_civilization_5
Slime:3:  layout_caves
Slime:4:  layout_caves, cheibrodos_slime_lost_civilization_4
Slime:5
Orc:1:    layout_caves, basic_altar, nicolae_orc_flooded_monolith,
          nicolae_orc_tapped_out
Orc:2:    pf_orc_diabolical, layout_caves
Elf:1:    nicolae_elf_arrival_no_cutting_in_line, layout_loops_cross,
          serial_shops, nicolae_shop_waterfront, kennysheep_underground_church,
          uniq_roxanne, uniq_aizul
Elf:2:    nicolae_elf_blades_crystal_corner, layout_gridlike,
          grunt_ministairs_15, evilmike_ambush [evilmike_ambush_outer_basic,
          evilmike_ambush_inner_cross]
Elf:3:    minmay_elf_hall_statues, layout_gridlike, feat_on_display
Vaults:1: nicolae_vaults_shelves_hall, v_rooms_6,
          nicolae_vaults_storage_room_doors,
          vaults_room_grunt_arrival_checkpoint, nicolae_vaults_enemy_cabinets,
          v_misc_11, grunt_vaults_hallway_short,
          vaults_room_grunt_arrival_ludios, nicolae_vaults_diamond_2,
          vaults_mumra_hex, layout_vaults_omnigrid, serial_shops,
          nicolae_shop_bloodbath_and_beyond
Vaults:2: hangedman_vaults_maws, nicolae_vaults_six-pack,
          blue_anna_dwarven_crypt, vaults_dpeg_hooks,
          nicolae_vaults_storage_closets_3, ontoclasm_vaults_ring_square,
          nicolae_vaults_stairing_the_circle, grunt_vaults_twisty,
          nicolae_vaults_tetromino_L_1, nicolae_vaults_storage_closets_2,
          vaults_room_pools, layout_vaults_omnicross
Vaults:3: hangedman_vaults_corner_blocks, nicolae_vaults_little_squares_6,
          nicolae_vaults_octothorpe, v_pattern_4, nicolae_vaults_turnstiles,
          gammafunk_sealed_arena, nicolae_vaults_more_shelving_2,
          nicolae_vaults_yaktaur_gun_rack, nicolae_vaults_wine_cellar,
          nicolae_vaults_sightless_eye, v_misc_23, ontoclasm_vaults_gateway,
          vaults_dpeg_emergency_exit, layout_vaults_chaotic_city,
          uniq_saint_roka
Vaults:4: nicolae_vaults_hexular_roomagon, ontoclasm_vaults_fault,
          grunt_vaults_funnel, vaults_room_ringed_pool, v_misc_11,
          nicolae_vaults_little_squares_1, hangedman_vaults_stitches,
          nicolae_vaults_tetromino_T_2, nicolae_vaults_weapon_check,
          hangedman_vaults_variations, v_misc_1, ontoclasm_vaults_ring_small,
          layout_vaults_maze, serial_shops, shop
Vaults:5: serial_shops
Crypt:1:  layout_chaotic_city, roderic_lattice_octagonal_star, uniq_margery
Crypt:2:  statuecave_lemuel, layout_gridlike, mu_enter_wizlab_1
Crypt:3:  church_of_pain_bobbens, layout_chaotic_city
Depths:1: layout_roguey, enter_ziggurat_a, hell_entry, fedhas_altar_fruit_tree,
          nicolae_shop_firing_range, grunt_megastairs_2
Depths:2: hangedman_screamer, layout_gridlike, tso_metal_star, pan_entry,
          pf_dread_powers_of_hell, st_stairs_3, infiniplex_staircase_trident
Depths:3: minmay_central_circle, layout_gridlike, minmay_misc_feat_hallway,
          marbit_kobold_abyss_entry, hellmouth_1, kennysheep_generic_room_11
Depths:4: evilmike_zot_entry_round, layout_gridlike, grunt_metal_band,
          serial_shops, shop, hangedman_abyss_entry_splay, enter_trove_5,
          kennysheep_pointless_box,
          nicolae_gozag_cash_rules_everything_around_me, minmay_shop_grove,
          uniq_mennas, uniq_boris, uniq_xtahua, uniq_jory
Hell
Coc:1:    layout_cocytus_water_paths
Coc:2:    layout_ice_bergs
Coc:3:    layout_cocytus_water_paths
Coc:4:    layout_cocytus_water_paths
Coc:5:    layout_cocytus_water_paths
Coc:6:    nicolae_coc_icebeans_plural [nicolae_sub_coc_subbean,
          nicolae_sub_coc_subbean, nicolae_sub_coc_subbean,
          nicolae_sub_coc_subbean], layout_cocytus_water_paths
Coc:7:    coc_dpeg
Tar:1:    layout_cathedral_of_symmetry
Tar:2:    layout_honeycomb, nicolae_tar_cuneiform_water, nicolae_tar_grid_combs
Tar:3:    layout_catacombs
Tar:4:    layout_honeycomb, door_vault
Tar:5:    layout_catacombs
Tar:6:    layout_honeycomb
Tar:7:    tar_minmay_river
Zot:1:    layout_gridlike
Zot:2:    layout_cathedral_of_symmetry, lemuel_elevator
Zot:3:    layout_cellular_growth, uniq_josephina
Zot:4:    layout_concentric_octagons, skrybe_zot_glass_1, uniq_grunn
Zot:5:    layout_basic

Skill      XL: |  1  2  3  4  5  6  7  8  9 10 11 12 13 14 15 16 17 18 19 20 21 22 23 24 25 26 27 |
---------------+----------------------------------------------------------------------------------+-----
Fire Magic     | 1 2 3 5 6 8 9 10 11 12 16 18 19 21 | 21.0
Conjurations   | 4 5 7 8 9 10 11 12 15 17 18 20 | 20.0
Fighting       | 1 2 3 4 6 7 9 10 11 12 13 14 15 16 17 18 19 | 19.0
Shields        | 2 3 4 5 6 7 8 9 11 12 13 | 13.1
Spellcasting   | 2 3 4 5 6 7 9 10 11 12 13 14 15 16 17 19 | 19.0
Transmutations | 2 3 4 5 7 8 10 11 14 15 | 15.9
Poison Magic   | 1 3 4 5 6 7 |  7.0
Armour         | 1 2 4 5 6 7 8 10 11 | 11.0
Air Magic      | 1 3 5 6 9 10 11 13 | 13.2
Evocations     | 1 2 3 4 5 |  5.0
Staves         | 2 3 5 6 7 |  7.0
Ice Magic      | 2 3 |  3.0
Dodging        | 3 4 5 6 8 9 10 11 | 11.0
Throwing       | 1 2 3 |  3.0
Stealth        | 2 |  2.0
Long Blades    | 2 4 7 8 11 | 11.0
Earth Magic    | 2 4 6 7 10 13 | 13.0
Hexes          | 2 3 |  3.0
Necromancy     | 6 9 13 14 15 | 15.9

Action                     |  1- 3 |  4- 6 |  7- 9 | 10-12 | 13-15 | 16-18 | 19-21 | 22-24 | 25-27 || total
---------------------------+-------+-------+-------+-------+-------+-------+-------+-------+-------++-------
  Melee: Club              |     6 |       |       |       |       |       |       |       |       ||     6
         Falchion          |     3 |       |       |       |       |       |       |       |       ||     3
         Whip              |    10 |     1 |    16 |       |       |       |       |       |       ||    27
         Short sword       |       |       |     9 |       |       |       |       |       |       ||     9
         Staff             |       |       |       |    16 |    35 |    86 |    12 |    18 |    11 ||   178
         Double sword      |       |       |       |       |       |       |    68 |    90 |    50 ||   208
         Eudemon blade     |       |       |       |       |       |       |       |       |     5 ||     5
  Throw: Throwing net      |       |       |     1 |       |       |       |       |     1 |     2 ||     4
   Cast: Foxfire           |    86 |    89 |   121 |    25 |       |       |     1 |       |       ||   322
         Sting             |     3 |     2 |    13 |       |       |    10 |       |       |       ||    28
         Scorch            |       |       |    23 |    26 |     2 |       |       |       |       ||    51
         Poisonous Vapours |       |       |    22 |   121 |   217 |   225 |    92 |     6 |     4 ||   687
         Mephitic Cloud    |       |       |     9 |    19 |     2 |       |       |       |       ||    30
         Ignite Poison     |       |       |    15 |   103 |   227 |   243 |   101 |     6 |     4 ||   699
         Hailstorm         |       |       |       |    10 |     3 |     2 |       |       |       ||    15
         Fireball          |       |       |       |    31 |    74 |   124 |    84 |    11 |    92 ||   416
         Olgreb's Toxic Ra |       |       |       |     7 |    57 |    33 |    13 |     5 |       ||   115
         Plasma Beam       |       |       |       |       |    51 |   217 |   288 |   517 |   220 ||  1293
         Freezing Cloud    |       |       |       |       |     1 |     9 |     6 |       |       ||    16
         Momentum Strike   |       |       |       |       |       |     8 |       |       |       ||     8
         Ignition          |       |       |       |       |       |     1 |    56 |    78 |    71 ||   206
         Arcjolt           |       |       |       |       |       |     1 |     5 |     1 |       ||     7
         Fulminant Prism   |       |       |       |       |       |       |    16 |       |     1 ||    17
         Statue Form       |       |       |       |       |       |       |     1 |     8 |       ||     9
         Orb of Destructio |       |       |       |       |       |       |       |    42 |       ||    42
         Lehudib's Crystal |       |       |       |       |       |       |       |    36 |   178 ||   214
         Fire Storm        |       |       |       |       |       |       |       |     2 |    63 ||    65
         Necromutation     |       |       |       |       |       |       |       |       |    42 ||    42
         Sublimation of Bl |       |       |       |       |       |       |       |       |     3 ||     3
Ability: End Transformatio |       |       |       |       |       |       |       |     5 |     3 ||     8
  Evoke: Wand              |       |       |       |       |       |       |       |     1 |     1 ||     2
         Box of beasts     |       |       |       |       |       |       |       |       |     2 ||     2
         Phantom mirror    |       |       |       |       |       |       |       |       |     2 ||     2
         Tin of tremorston |       |       |       |       |       |       |       |       |     2 ||     2
         Phial of floods   |       |       |       |       |       |       |       |       |     1 ||     1
    Use: Scroll            |     5 |     1 |     4 |    10 |    16 |     5 |    20 |    18 |     8 ||    87
         Potion            |       |     1 |     1 |       |       |     3 |     3 |     4 |     4 ||    16
   Stab: Held in net/web   |       |       |     1 |       |       |       |       |       |       ||     1
 Armour: Robe              |     5 |       |    30 |    22 |    46 |   123 |    43 |    37 |    85 ||   391
         Ring mail         |       |       |    34 |       |       |       |       |       |       ||    34
         Acid dragon scale |       |       |       |       |       |       |    17 |       |       ||    17
         Skin              |       |       |       |       |       |       |    12 |    19 |       ||    31
  Dodge: Dodged            |    13 |     1 |    55 |    20 |    59 |   146 |    86 |   145 |   130 ||   655
  Block: Buckler           |     5 |       |       |       |     1 |       |       |       |       ||     6
         Kite shield       |       |     2 |    87 |    54 |    97 |   158 |    96 |   121 |   131 ||   746
         Reflection        |       |       |       |     2 |     1 |       |       |       |       ||     3
